 Dungeon Crawl Stone Soup version 0.18-a0-1713-g50a528e (webtiles) character file.

228 Gottschkopf the Conjurer (level 5, -6/38 HPs)
             Began as a Draconian Conjurer on Apr 7, 2016.
             Mangled by an ogre
             ... wielding a +0 giant club
              (25 damage)
             ... on level 4 of the Dungeon.
             The game lasted 00:10:42 (3111 turns).

Gottschkopf the Conjurer (Draconian Conjurer)       Turns: 3111, Time: 00:10:43

Health: -6/38      AC:  7    Str: 10    XL:     5   Next: 71%
Magic:  1/8        EV: 12    Int: 16    God:
Gold:   235        SH:  0    Dex: 12    Spells: 3 memorised, 2 levels left

rFire  . . .     SeeInvis .     z - +1 dagger (speed)
rCold  . . .     Gourm    .     (armour unavailable)
rNeg   . . .     Faith    .     (no shield)
rPois  .         Spirit   .     (helmet restricted)
rElec  .         Dismiss  .     (no cloak)
rCorr  .         Reflect  .     h - +0 pair of gloves
SustAt .         Harm     .     d - +0 pair of boots
MR     .....                    (no amulet)
Stlth  ++........               (no ring)
                                (no ring)

@: not resistant to hostile enchantments, unstealthy
A: unfitting armour, cold-blooded, AC +5
a: no special abilities


You were on level 4 of the Dungeon.
You were hungry.

You visited 1 branch of the dungeon, and saw 4 of its levels.

You collected 235 gold pieces.

Inventory:

Hand Weapons
 z - a +1 dagger of speed (weapon)
Armour
 d - a +0 pair of boots (worn)
 h - a +0 pair of gloves (worn)
Jewellery
 v - an uncursed amulet of guardian spirit
Scrolls
 e - a scroll of recharging {unknown}
 f - 2 scrolls of enchant armour {unknown}
 g - a scroll of magic mapping {unknown}
 j - a scroll of teleportation {unknown}
 m - a scroll of fear {unknown}
 u - 2 scrolls of identify {unknown}
 y - a scroll of noise {unknown}
Potions
 i - 3 potions of heal wounds
 k - a potion of agility {unknown}
 l - a potion of brilliance {unknown}
 n - 2 potions of resistance {unknown}
 p - 2 potions of curing {unknown}
 r - a potion of degeneration {unknown}
 t - a potion of lignification {unknown}
 w - a potion of magic {unknown}
Books
 a - a book of Conjurations

   Spells                             Type                      Level
   a - Magic Dart                     Conjuration                  1
   b - Searing Ray                    Conjuration                  2
   c - Dazzling Spray                 Conjuration/Hexes            3
   d - Fulminant Prism                Conjuration/Hexes            4
   e - Iskenderun's Mystic Blast      Conjuration                  4
   f - Iskenderun's Battlesphere      Conjuration/Charms           5
Comestibles
 b - 4 bread rations
 c - 6 fruits
 o - 3 chunks of flesh
 s - a beef jerky
 x - a meat ration


   Skills:
 - Level 1.7 Dodging
 - Level 1.7 Stealth
 - Level 2.2 Spellcasting
 - Level 5.0 Conjurations
 * Level 4.1 Hexes


You had 2 spell levels left.
You knew the following spells:

 Your Spells              Type           Power        Failure   Level  Hunger
a - Magic Dart            Conj           ###.         2%          1    #......
b - Searing Ray           Conj           ###...       4%          2    ###....
c - Dazzling Spray        Conj/Hex       ###.....     12%         3    ###....


Dungeon Overview and Level Annotations

Branches:
Dungeon (4/15)
 Temple: D:4-7

Altars:
Makhleb
Ru
The Shining One


Innate Abilities, Weirdness & Mutations

Your plain brown scales are hard (AC +5).
Your body does not fit into most forms of armour.
You are cold-blooded and may be slowed by cold attacks.


Message History

The ogre is severely wounded.
The searing ray hits the gnoll.
The gnoll is heavily wounded.
The ogre barely misses you.
Casting: Searing Ray
Confirm with . or Enter, or press ? or * to list all spells.
Aiming: Searing Ray
Press: ? - help, Shift-Dir - straight line, f/p - ogre
Aim: an ogre, wielding a giant club (severely wounded)
Okay, then.
Casting: Searing Ray
Confirm with . or Enter, or press ? or * to list all spells.
Aiming: Magic Dart
Press: ? - help, Shift-Dir - straight line, f/p - ogre
Aim: an ogre, wielding a giant club (severely wounded)
The magic dart hits the ogre.
The ogre is almost dead.
The ogre hits you with a giant club!!
Ouch! That really hurt!
You die...

...(.........#.#.#.......#.#.####
#....#.......#.#.#.###.....#.# #
.......#####.#.#.# ##.#.#.#.# #
..#....#####.#.#.# #.......#.####
....(............. ..............
...............#.#.#.#.#.....####
.#####.#########.#...#.#####.# #
.......######.......# #.# #
...........##.##@# .# # #.# #
######.######.##O##.##.# ### #
)...........#.##gg.....#
#####..####.#.##.......#
..........#.#.##........
#.###...###.#.##.#####.#.# #.#
#...#........# #.#.#
#.###...#.......g# #.#.#
#.#.....#........#####.#.# #


You could see an ogre and 3 gnolls.

Vanquished Creatures
  A hound (D:4)
  An orc wizard (D:4)
  2 orc priests (D:4)
  4 adders
  2 dart slugs
  A giant gecko (D:4)
  7 orcs
  A giant cockroach (D:4)
  4 hobgoblins
  8 jackals
  A quokka (D:4)
  5 bats
  2 giant newts (D:1)
  10 goblins
  11 kobolds
  6 rats
66 creatures vanquished.

Notes
Turn   | Place    | Note
--------------------------------------------------------------
     0 | D:1      | Gottschkopf the Draconian Conjurer began the quest for the Orb.
     0 | D:1      | Reached XP level 1. HP: 14/14 MP: 3/3
   236 | D:1      | Reached XP level 2. HP: 16/20 MP: 3/5
   240 | D:1      | Learned a level 2 spell: Searing Ray
  1538 | D:2      | Reached XP level 3. HP: 26/26 MP: 3/6
  1543 | D:2      | Learned a level 3 spell: Dazzling Spray
  1673 | D:2      | Reached skill level 5 in Conjurations
  1703 | D:2      | Reached skill level 1 in Hexes
  1780 | D:2      | Found a sacrificial altar of Ru.
  2025 | D:3      | Reached XP level 4. HP: 33/33 MP: 1/7
  2197 | D:3      | Found a burning altar of Makhleb.
  2302 | D:3      | Found a glowing golden altar of the Shining One.
  2749 | D:4      | Reached XP level 5. HP: 31/38 MP: 2/8
  3088 | D:4      | Noticed an ogre
  3111 | D:4      | Mangled by an ogre

Vault maps used:
D:1:      onia_arrival_mini_maze_b, serial_bayou_pond_c
D:2:      nicolae_ru_path_of_blood, first_bread
D:3:      tso_oasis_becter, nicolae_overflow_crystal_walls,
          roderic_serpentine_path, grunt_ministairs_12
D:4:      lemuel_crystal_altar, enter_ossuary_1, uniq_blork_the_orc,
          uniq_duvessa

Skill      XL: |  1  2  3  4  5 |
---------------+----------------+-----
Conjurations   | 5 |  5.0
Hexes          | 1 3 4 |  4.1
Dodging        | |  1.7
Stealth        | |  1.7
Spellcasting   | |  2.2

Action                   |  1- 3 |  4- 6 || total
-------------------------+-------+-------++-------
Melee: Dagger            |   127 |    64 ||   191
 Cast: Magic Dart        |    44 |    33 ||    77
       Dazzling Spray    |       |     2 ||     2
       Searing Ray       |       |     3 ||     3
  Use: Potion            |       |     1 ||     1
 Stab: Sleeping          |     1 |       ||     1
  Eat: Chunk             |     4 |     4 ||     8
